Map: Nightshade LE

Players

Impact - Winner!

  • Race: Zerg Zerg
  • League: Grandmaster
  • Spawn Location: 5:00

Dear

  • Race: Protoss Protoss
  • League: Master
  • Spawn Location: 11:00

VOD

Have the link to the VOD?

Description

Time

  • Played on: Jan. 16, 2020, 4:38 a.m.
  • Length: 19:59
Show
View Real Time Build Order
Export as new Build Order

Impact Zerg - Winner!

Build Orders: Hatch First, Lurkers, Roach Hydra 

Get SALT Encoding   

  12  0:00  Drone  
  13  0:12  Overlord  
  13  0:17  Drone  
  14  0:31  Drone x2  
  16  0:47  Hatchery  
  15  0:50  Drone  
  15  0:54  Drone  
  17  0:57  Drone  
  18  1:07  Extractor  
  17  1:13  Spawning Pool  
  17  1:14  Drone  
  17  1:18  Drone  
  18  1:28  Drone  
  19  1:38  Drone  
  20  1:47  Hatchery  
  20  1:49  Drone  
  20  1:59  Drone, Queen  
  23  2:03  Drone  
  24  2:12  Queen  
  26  2:18  Overlord  
  26  2:21  Drone  
  27  2:23  Drone  
  27  2:29  Metabolic Boost  
  28  2:32  Extractor, Zergling x2  
  29  2:37  Zergling x2  
  29  2:38  Drone  
  29  2:43  Queen  
  33  2:47  Drone  
  34  2:55  Drone  
  34  2:59  Drone, Spore Crawler  
  34  3:04  Queen  
  34  3:05  Drone  
  37  3:06  Overlord  
  37  3:08  Zergling x2  
  37  3:10  Zergling x2  
  39  3:14  Drone  
  39  3:15  Drone  
  39  3:18  Overlord  
  41  3:26  Queen  
  43  3:28  Drone  
  43  3:29  Drone  
  43  3:31  Drone  
  43  3:32  Drone  
  47  3:35  Spore Crawler  
  47  3:37  Drone  
  47  3:38  Drone  
  47  3:40  Drone  
  49  3:44  Overlord  
  49  3:53  Spore Crawler  
  48  3:57  Drone  
  48  3:58  Overlord  
  49  4:03  Drone x2  
  49  4:04  Drone  
  49  4:05  Drone x2  
  49  4:07  Drone, Roach Warren  
  54  4:11  Drone  
  54  4:14  Drone x2  
  54  4:16  Drone  
  58  4:19  Drone  
  58  4:23  Lair  
  58  4:24  Drone x2, Extractor  
  60  4:25  Extractor  
  60  4:29  Zergling x6  
  62  4:37  Zergling x4  
  62  4:38  Zergling x4  
  64  4:41  Drone  
  64  4:42  Overlord x2  
  64  4:45  Overlord  
  65  4:53  Drone  
  65  5:01  Roach x6  
  65  5:02  Roach  
  65  5:04  Roach  
  81  5:13  Drone x3, Overlord  
  84  5:14  Overlord  
  84  5:16  Drone  
  84  5:20  Drone  
  86  5:21  Drone  
  86  5:23  Evolution Chamber  
  86  5:25  Roach  
  86  5:26  Roach  
  89  5:29  Zergling x2  
  89  5:31  Overlord  
  89  5:33  Glial Reconstitution  
  89  5:38  Zergling x6  
  89  5:41  Roach, Zergling x2  
  95  5:46  Roach x3  
  97  5:59  Drone  
  97  6:01  Drone x3  
  97  6:02  Ravager  
  96  6:07  Zerg Missile Weapons Level 1  
  96  6:08  Drone x6  
  101  6:13  Drone  
  101  6:15  Extractor  
  101  6:17  Hydralisk Den, Extractor  
  101  6:18  Drone  
  98  6:25  Drone x2  
  98  6:32  Extractor  
  98  6:36  Drone x4  
  98  6:37  Drone  
  98  6:38  Drone x2  
  105  6:41  Hatchery  
  105  6:45  Overlord x2  
  105  6:46  Overseer  
  104  6:50  Drone x2, Grooved Spines  
  106  7:03  Hydralisk  
  106  7:04  Hydralisk x5  
  106  7:08  Hydralisk x2  
  122  7:18  Overlord  
  122  7:19  Overlord x2  
  122  7:20  Pneumatized Carapace  
  122  7:25  Extractor  
  122  7:27  Drone  
  122  7:35  Lurker Den  
  121  7:38  Drone x10  
  121  7:40  Drone  
  121  7:43  Hydralisk  
  121  7:44  Hydralisk x2  
  138  7:51  Overlord x4, Extractor  
  138  7:58  Overseer  
  137  8:00  Hydralisk x3  
  137  8:04  Drone  
  144  8:06  Overlord x2  
  144  8:10  Hydralisk  
  144  8:11  Hydralisk  
  148  8:14  Muscular Augments  
  148  8:15  Zerg Missile Weapons Level 2  
  148  8:28  Roach x7  
  148  8:33  Spine Crawler  
  148  8:34  Drone, Infestation Pit  
  162  8:35  Drone  
  162  8:36  Overlord  
  162  8:42  Hydralisk x3  
  168  8:49  Hydralisk x3  
  168  8:52  Overlord  
  168  8:54  Overlord  
  168  8:55  Drone  
  175  9:00  Lurker x4  
  175  9:02  Lurker  
  180  9:03  Zergling x6  
  180  9:07  Overlord  
  183  9:13  Roach x4, Zergling x2  
  183  9:16  Overseer  
  186  9:19  Hive  
  186  9:22  Lurker  
  186  9:23  Ravager  
  185  9:35  Hydralisk x7  
  190  9:38  Roach  
  190  9:40  Drone x3  
  186  9:50  Roach x2  
  186  9:52  Roach x3  
  186  9:53  Roach x2  
  186  9:55  Roach  
  186  9:58  Roach x3, Zergling x2  
  187  10:05  Hydralisk x3  
  193  10:13  Hydralisk, Zergling x2  
  194  10:14  Hydralisk  
  194  10:15  Zergling x8  
  194  10:18  Hydralisk  
  194  10:19  Zergling x2  
  194  10:20  Hydralisk  
  189  10:29  Hydralisk x4  
  189  10:30  Zergling x2  
  189  10:32  Hydralisk  
  189  10:33  Zergling x2  
  192  10:43  Zerg Missile Weapons Level 3  
  192  10:45  Seismic Spines  
  192  10:47  Hydralisk  
  192  10:48  Hydralisk, Zergling x2  
  190  10:52  Drone  
  190  10:53  Drone  
  190  10:54  Spine Crawler  
  186  10:58  Drone, Roach  
  186  11:01  Hydralisk x2  
  193  11:05  Zergling x6  
  193  11:10  Hydralisk, Zergling x2  
  199  11:17  Hatchery  
  192  11:21  Roach, Zergling x2  
  171  11:29  Roach x6, Zergling x2  
  171  11:31  Hydralisk  
  124  11:37  Hydralisk x2  
  125  11:42  Hydralisk x2, Adaptive Talons  
  125  11:46  Lurker, Hydralisk  
  130  11:52  Drone x2, Spore Crawler  
  133  11:55  Lurker x3  
  133  11:57  Hydralisk  
  138  12:03  Drone x2  
  138  12:05  Lurker x3  
  138  12:07  Hydralisk  
  138  12:08  Hydralisk  
  143  12:12  Zergling x6  
  143  12:15  Lurker  
  149  12:19  Lurker  
  149  12:20  Hydralisk  
  152  12:23  Zergling x10  
  157  12:31  Hydralisk x3  
  163  12:40  Spine Crawler  
  163  12:41  Spine Crawler  
  163  12:43  Hydralisk  
  163  12:44  Hydralisk x3  
  160  12:45  Overseer  
  160  12:47  Overlord  
  160  12:50  Hydralisk  
  167  12:54  Hydralisk  
  167  12:55  Zergling x2  
  166  12:59  Hydralisk  
  166  13:00  Zergling x2  
  166  13:01  Hydralisk x2  
  166  13:07  Drone x2  
  164  13:19  Overlord x2  
  163  13:20  Hatchery  
  163  13:22  Drone x2  
  164  13:29  Hydralisk x5  
  164  13:33  Overlord  
  169  13:35  Lurker x3  
  172  13:43  Hydralisk x3  
  178  13:54  Drone  
  179  13:57  Hydralisk x4  
  187  14:03  Hydralisk, Zergling x8  
  187  14:04  Zergling x2  
  187  14:06  Hydralisk  
  187  14:07  Zergling x2  
  187  14:09  Hydralisk, Zergling x2  
  194  14:18  Hydralisk  
  194  14:19  Zergling x4  
  194  14:21  Hydralisk  
  200  14:25  Zerg Ground Armor Level 1  
  174  14:32  Lurker  
  174  14:33  Lurker  
  174  14:34  Lurker x4, Hydralisk  
  174  14:35  Hydralisk, Zergling x4  
  186  14:41  Hatchery  
  179  14:47  Overseer  
  179  14:48  Hydralisk x3  
  179  14:49  Zergling x2  
  186  14:54  Lurker x2  
  186  14:55  Hydralisk, Zergling x2  
  186  14:56  Zergling x2  
  186  14:59  Overseer  
  190  15:03  Hydralisk, Zergling x2  
  190  15:04  Zergling x6  
  189  15:09  Drone x3, Extractor  
  189  15:11  Hydralisk  
  189  15:12  Zergling x2  
  180  15:23  Hydralisk x4  
  176  15:28  Overseer  
  176  15:30  Hatchery  
  175  15:37  Drone  
  175  15:39  Hydralisk  
  175  15:40  Zergling x4  
  178  15:51  Hydralisk x6  
  178  15:52  Hydralisk  
  178  15:56  Hydralisk  
  178  15:57  Hydralisk  
  178  16:01  Hydralisk  
  182  16:04  Overlord  
  182  16:16  Hatchery  
  181  16:20  Spire  
  181  16:21  Hydralisk x2  
  184  16:38  Hydralisk  
  184  16:39  Hydralisk x4  
  194  16:41  Zergling x6  
  197  16:49  Hydralisk  
  197  16:50  Zergling x2  
  197  17:09  Overlord  
  197  17:13  Overlord x5  
  197  17:15  Overseer x5  
  195  17:20  Overlord  
  195  17:24  Overlord  
  188  17:32  Hydralisk x9  
  183  17:44  Hydralisk x5  
  175  17:53  Hydralisk x3  
  181  17:59  Overseer x2  
  181  18:05  Hydralisk x3  
  181  18:06  Hydralisk x2  
  191  18:19  Hydralisk x5  
  179  18:20  Overseer x2  
  179  18:31  Hydralisk x4  
  179  18:33  Hydralisk  
  187  18:37  Lurker x3  
  191  18:56  Overseer x3  
  191  19:01  Spore Crawler  
  190  19:02  Spore Crawler  
Show
View Real Time Build Order
Export as new Build Order

Dear Protoss 

Build Orders: 1 Gate Expand, Oracle Opening, Phoenix Opening, Chargelot Immortal, Mass Adepts 

Get SALT Encoding   

  12  0:00  Probe  
  13  0:12  Probe  
  14  0:20  Pylon  
  14  0:24  Probe  
  15  0:32  Assimilator  
  15  0:38  Probe (Chrono Boost)  
  16  0:43  Gateway  
  16  0:49  Probe (Chrono Boost)  
  17  0:54  Probe (Chrono Boost)  
  18  1:04  Probe  
  19  1:16  Probe  
  20  1:24  Nexus  
  20  1:31  Cybernetics Core  
  20  1:34  Probe  
  21  1:40  Assimilator  
  21  1:47  Probe  
  22  1:50  Pylon  
  22  1:59  Probe  
  23  2:05  Adept (Chrono Boost)  
  25  2:11  Probe  
  25  2:13  Stargate  
  26  2:18  Warp Gate  
  26  2:23  Probe  
  26  2:28  Adept  
  29  2:35  Probe (Chrono Boost)  
  29  2:36  Probe (Chrono Boost)  
  32  2:45  Probe x2 (Chrono Boost)  
  32  2:50  Probe x2 (Chrono Boost)  
  33  2:57  Phoenix (Chrono Boost)  
  37  3:01  Probe  
  37  3:02  Probe  
  39  3:06  Gateway  
  39  3:13  Probe  
  39  3:14  Probe  
  39  3:19  Oracle (Chrono Boost)  
  44  3:20  Pylon  
  44  3:26  Gateway  
  44  3:28  Probe  
  44  3:30  Probe  
  46  3:36  Twilight Council  
  46  3:40  Probe  
  47  3:42  Probe  
  48  3:52  Probe  
  48  3:54  Probe  
  48  3:55  Pylon  
  50  4:01  Nexus  
  50  4:08  Adept x2, Resonating Glaives (Chrono Boost)  
  54  4:12  Pylon  
  54  4:17  Probe x2  
  54  4:20  Pylon  
  54  4:23  Adept  
  58  4:31  Adept x2  
  60  4:34  Probe  
  61  4:43  Probe  
  61  4:44  Assimilator  
  62  4:46  Probe, Assimilator  
  62  4:52  Adept x3  
  68  4:56  Robotics Facility  
  68  4:57  Probe  
  68  4:58  Probe  
  70  5:09  Probe  
  70  5:10  Probe  
  70  5:11  Pylon  
  70  5:13  Probe, Adept  
  70  5:14  Adept x2  
  79  5:21  Probe  
  79  5:22  Probe  
  79  5:25  Probe  
  79  5:26  Forge  
  82  5:34  Sentry x3  
  82  5:35  Probe x2  
  90  5:37  Probe  
  90  5:40  Assimilator  
  90  5:41  Assimilator  
  89  5:47  Probe x2, Observer  
  89  5:49  Probe  
  85  5:59  Probe x2  
  85  6:02  Probe  
  84  6:05  Immortal (Chrono Boost)  
  84  6:11  Probe, Zealot x3  
  84  6:13  Probe, Shield Battery  
  84  6:14  Shield Battery  
  84  6:15  Probe  
  91  6:19  Protoss Ground Weapons Level 1 (Chrono Boost)  
  91  6:23  Probe  
  88  6:26  Probe  
  88  6:27  Probe  
  88  6:28  Pylon  
  88  6:31  Charge  
  88  6:32  Templar Archives  
  90  6:37  Immortal (Chrono Boost)  
  94  6:47  Gateway  
  94  6:48  Gateway  
  94  6:50  Gateway, Psionic Storm  
  94  6:51  Gateway  
  94  6:52  Gateway  
  94  6:54  Photon Cannon  
  94  6:58  Probe  
  95  7:01  Pylon  
  95  7:08  Pylon  
  95  7:13  Warp Prism (Chrono Boost)  
  95  7:14  High Templar x3  
  103  7:17  Pylon  
  103  7:42  Immortal (Chrono Boost)  
  107  7:44  Robotics Facility  
  107  7:48  Photon Cannon, High Templar x2  
  111  7:51  Photon Cannon  
  111  7:52  High Templar  
  111  7:54  Zealot x4  
  111  7:55  Zealot  
  123  8:01  Pylon, Photon Cannon x2  
  123  8:04  Shield Battery  
  123  8:10  Pylon  
  123  8:16  Immortal (Chrono Boost)  
  123  8:18  Protoss Ground Weapons Level 2  
  127  8:22  Pylon  
  127  8:23  Pylon  
  127  8:30  Nexus  
  127  8:31  Zealot x4  
  127  8:33  High Templar  
  137  8:36  High Templar  
  137  8:39  Immortal (Chrono Boost)  
  139  8:50  Probe x3  
  139  8:51  Immortal (Chrono Boost)  
  139  8:54  Pylon  
  146  9:02  Zealot x3  
  152  9:04  Probe x2  
  152  9:11  Immortal (Chrono Boost)  
  154  9:21  Immortal (Chrono Boost)  
  158  9:29  Probe x3, Assimilator  
  159  9:33  Assimilator  
  151  9:40  High Templar x3  
  151  9:41  Probe, High Templar x2  
  151  9:43  Observer (Chrono Boost)  
  159  9:46  Zealot x3  
  143  10:06  Probe x2  
  128  10:22  Zealot x3  
  128  10:23  Zealot x5  
  136  10:29  Immortal x2 (Chrono Boost)  
  138  10:49  Stalker x4  
  126  11:13  Observer  
  126  11:17  Zealot x5  
  126  11:18  Zealot x3  
  127  11:27  Immortal x2 (Chrono Boost)  
  120  11:44  Nexus  
  118  11:48  High Templar x2  
  118  11:49  High Templar x2  
  126  11:54  Zealot  
  126  11:55  High Templar  
  130  12:07  Zealot, High Templar  
  134  12:10  Pylon  
  134  12:19  Stalker  
  134  12:21  Stalker, Zealot x2  
  141  12:28  Zealot x3  
  147  12:36  Probe x2  
  147  12:37  Probe, Pylon  
  150  12:39  Pylon  
  150  12:52  Zealot x3  
  152  13:05  Probe x3  
  155  13:06  High Templar x2  
  155  13:07  High Templar x2  
  155  13:23  Probe x4  
  155  13:26  Assimilator  
  155  13:38  Stargate  
  155  13:40  Probe x4, Fleet Beacon  
  159  13:50  Immortal (Chrono Boost)  
  159  13:51  Observer (Chrono Boost)  
  164  14:00  Stargate  
  147  14:24  Stalker x5  
  155  14:32  Protoss Ground Weapons Level 3 (Chrono Boost)  
  155  14:38  Carrier x2 (Chrono Boost)  
  167  14:43  Mothership (Chrono Boost)  
  165  14:47  Carrier (Chrono Boost)  
  139  15:24  Carrier (Chrono Boost), Archon  
  139  15:26  Carrier (Chrono Boost)  
  133  15:39  Observer  
  116  16:07  Nexus  
  116  16:14  High Templar x4  
  124  16:23  Observer  
  125  16:27  Assimilator  
  125  16:30  Assimilator  
  125  16:56  Pylon  
  125  16:57  High Templar x2  
  125  16:58  High Templar x3  
  125  16:59  High Templar  
  135  17:02  Archon x2  
  135  17:03  Archon  
  100  17:38  Archon  
  100  17:40  High Templar x4  
  100  17:41  Zealot x4  
  106  18:04  Zealot x2, High Templar x2  
  88  18:40  High Templar  
  88  18:41  High Templar x3  
  94  18:44  Zealot x2  
  94  18:46  Nexus  
  84  19:15  Observer  
  52  19:37  High Templar x2  
  52  19:38  Zealot x5, High Templar  
Tags
 
Add a new tag
Caveats
  • Supply blocks, unpowered buildings, or Contaminate may cause inaccurate times.
  • Supply counts are checked every 10 seconds.